Cogmind - Beta 17 @@@ ROGUE MODE // 2026.07.24 @ 00:29:16 Player: Suffixing Result: Destroyed by 8R-AWN with 8R-AWN's Boregun Performance ------------- Evolutions (1) 500 Regions Visited (5) 1000 Robots Destroyed (21) 105 Value Destroyed (426) 426 Prototype IDs (27) 540 Alien Tech Used (0) 0 Bonus (385) 385 TOTAL SCORE: 2956 Bonus ------- Follower Combat Kills 85 Aligned with FarCom 300 Cogmind --------- Core Integrity 0/400 Matter 300/300 Energy 100/100 System Corruption 0% Temperature Cool (0) Movement Core (1400) Ox27 Location -9/Exiles Parts ------- > --- POWER (1) -------- (None) > --- PROPULSION (2) --- (None) > --- UTILITY (4) ------ Huge Storage Unit > --- WEAPON (2) ------- Longsword +1 > --- INVENTORY (25) --- Improved Ion Engine Improved Ion Engine Improved Ion Engine Light Nuclear Core Light Angular Momentum Engine Wheel Small Storage Unit Superbattery (1500) Light Armor Plating Improved Light Armor Plating Reflective Plating Hardlight Generator Hacking Suite Hacking Suite Advanced Beam Cannon Advanced Beam Cannon Advanced Beam Cannon Advanced Beam Cannon Advanced Beam Cannon Heavy Particle Cannon Field Lobotomy Kit (5) Plasma Cutter Peak State ------------ > --- POWER ------------ Heavy Ion Engine > --- PROPULSION ------- Light Treads Light Treads > --- UTILITY ---------- Improved Heat Sink Huge Storage Unit Improved Targeting Computer Hardened Medium Armor Plating > --- WEAPON ----------- Heavy Particle Cannon Heavy Particle Cannon > --- INVENTORY -------- Improved Ion Engine Improved Ion Engine Improved Ion Engine Light Nuclear Core Light Angular Momentum Engine Fission Core Light Fission Core Light Fission Core Wheel Small Storage Unit Superbattery Light Armor Plating Improved Light Armor Plating Reflective Plating Hardlight Generator Hacking Suite Hacking Suite Advanced Beam Cannon Advanced Beam Cannon Advanced Beam Cannon Advanced Beam Cannon Advanced Beam Cannon Field Lobotomy Kit Plasma Cutter Longsword +1 [Rating: 29] Favorites ----------- Power Heavy Ion Engine Engine Heavy Ion Engine Propulsion Light Treads Treads Light Treads Leg Aluminum Leg Utility Improved Heat Sink Device Improved Heat Sink Storage Huge Storage Unit Processor Improved Targeting Computer Protection Hardened Medium Armor Plating Weapon Heavy Particle Cannon Energy Gun Spread Laser Energy Cannon Heavy Particle Cannon Ballistic Gun Assault Rifle Slashing Weapon Longsword +1 Build | -11 -10 -10 -9 -9 -9 ------- Run | Yrd Mat Min Mat Min Exi Slots Evolved 2 | . . . 2 . . Power . | . . . . . . Propulsion . | . . . . . . Utility 2 | . . . 2 . . Weapon . | . . . . . . Parts Attached 19 | 3 6 2 7 . 1 Power 2 | . 1 . 1 . . Engine 2 | . 1 . 1 . . Core . | . . . . . . Reactor . | . . . . . . Propulsion 4 | 2 1 . 1 . . Treads 4 | 2 1 . 1 . . Leg . | . . . . . . Wheel . | . . . . . . Hover . | . . . . . . Flight . | . . . . . . Utility 6 | . 2 . 4 . . Device 1 | . 1 . . . . Storage 2 | . 1 . 1 . . Processor 1 | . . . 1 . . Hackware . | . . . . . . Protection 2 | . . . 2 . . Artifact . | . . . . . . Weapon 7 | 1 2 2 1 . 1 Energy Gun 2 | . 2 . . . . Energy Cannon 3 | . . 2 1 . . Ballistic Gun 1 | 1 . . . . . Ballistic Cannon . | . . . . . . Launcher . | . . . . . . Special Weapon . | . . . . . . Impact Weapon . | . . . . . . Slashing Weapon 1 | . . . . . 1 Piercing Weapon . | . . . . . . Special Melee Weapon . | . . . . . . Unidentified Prototypes 2 | . . . 2 . . Parts Lost 11 | . 3 . 1 . 7 Power 1 | . . . . . 1 Propulsion 4 | . 1 . 1 . 2 Utility 3 | . . . . . 3 Weapon 3 | . 2 . . . 1 Highest Loss Streak 5 | . 2 . 1 . 5 To Critical Strikes 4 | . . . . . 4 Average Backups 18 | 3 9 18 19 21 23 Power 4 | . 2 3 4 5 6 Propulsion 1 | 2 1 2 1 1 1 Utility 6 | . 1 8 8 9 8 Weapon 4 | . 3 3 4 5 5 Tool/Special . | . . . . . . Unused Backups 38 | 6 4 3 2 . 23 Power 12 | 1 3 . . . 8 Propulsion 2 | 1 . . . . 1 Utility 12 | 1 . 3 . . 8 Weapon 10 | 3 1 . 2 . 4 Tool/Special 2 | . . . . . 2 Average Slot Usage (%) 96 | . 88 100 99 100 97 Engine 12 | . 14 14 11 11 10 Treads 23 | . 28 28 21 22 21 Device 9 | . 3 14 11 11 10 Storage 12 | . 14 14 11 11 11 Processor 5 | . . . 4 11 10 Protection 8 | . . . 17 11 10 Energy Gun 4 | . 7 23 . . . Energy Cannon 14 | . . 4 22 22 21 Ballistic Gun 4 | . 20 . . . . Peak Build Rating 29 | 6 14 17 26 25 29 Average Rating 20 | 6 9 15 24 25 27 On Entrance 15 | 6 6 14 17 25 25 Avg Prop Armor Cover (%) . | . . . . . . Naked Turns . | . . . . . . Heaviest Build 112 | 14 54 60 112 109 109 Greatest Support 40 | 40 40 40 40 40 40 Greatest Overweight (x) 29 | . 1 1 2 2 29 Average Overweight (x) 1 | . . 1 1 2 2 Largest Inventory Capacity 25 | 8 20 20 25 25 25 Average Capacity 22 | 8 18 20 22 25 25 Most Carried 25 | 6 14 20 21 21 25 Average Carried 18 | 2 9 18 20 21 23 Final Capacity 25 | 8 20 20 25 25 25 Final Carried 22 | 2 14 19 21 21 22 Class Distribution -------------------- 100% | Mutant Dominant Class ---------------- Mutant | -10/Materials Mutant | -10/Mines Mutant | -9/Materials Mutant | -9/Mines Mutant | -9/Exiles Resources | -11 -10 -10 -9 -9 -9 ----------- Run | Yrd Mat Min Mat Min Exi Matter Collected 714 | 266 327 36 75 . 10 Remotely . | . . . . . . Salvage Created 618 | 76 397 10 82 . 53 Parts 42 | . 33 1 8 . . Haulers Intercepted 2 | . 1 . 1 . . Recyclers Shooed 2 | 1 1 . . . . Parts Field Recycled . | . . . . . . Retrieved Matter . | . . . . . . Parts Self-Destructed . | . . . . . . Prevented . | . . . . . . Parts Restored . | . . . . . . Kills | -11 -10 -10 -9 -9 -9 ------- Run | Yrd Mat Min Mat Min Exi Combat Hostiles Destroyed 18 | . 13 . 1 . 4 Melee 1 | . . . . . 1 Guns 13 | . 13 . . . . Cannons 4 | . . . 1 . 3 Classes Destroyed 7 | 1 4 1 . . 1 Tunneler 1 | . . 1 . . . Hauler 2 | . 1 . 1 . . Recycler 1 | 1 . . . . . Operator 3 | . 2 . 1 . . Swarmer 7 | . 6 . 1 . . Grunt 7 | . 7 . . . . Assembled 4 | . . . . . 4 Best Kill Streak 3 | 1 3 1 1 . 3 Combat Bots Only 3 | . 3 . 1 . 3 Max Kills in Single Turn 1 | 1 1 1 1 . 1 Gunslinging . | . . . . . . Exploded . | . . . . . . Melee 1 | . . . . . 1 Uniques/NPCs Destroyed . | . . . . . . Combat | -11 -10 -10 -9 -9 -9 -------- Run | Yrd Mat Min Mat Min Exi Hostile Shots Fired 186 | . 60 2 18 . 106 Missed 43 | . 11 1 2 . 29 Hits 143 | . 49 1 16 . 77 Projectile 143 | . 49 1 16 . 77 Critical Strikes 25 | . 1 . . . 24 Damage Taken 2051 | . 598 56 195 . 1202 Core 492 | . 72 10 11 . 399 Absorbed by Shields . | . . . . . . Core Remaining (%) 83 | 100 . 67 . . . Volleys Fired 73 | 6 52 . 9 . 6 Largest 2 | 2 2 . 2 . 2 Hottest 150 | 40 130 . 150 . 150 Shots Fired 138 | 12 96 . 18 . 12 Gun 108 | 12 96 . . . . Cannon 30 | . . . 18 . 12 Launcher . | . . . . . . Special . | . . . . . . Kinetic 100 | 12 88 . . . . Thermal 38 | . 8 . 18 . 12 Explosive . | . . . . . . Electromagnetic . | . . . . . . Robot Hit Streak 8 | 5 8 . 3 . 6 Robot Miss Streak 5 | 1 4 . 4 . 5 Penetration Max . | . . . . . . Secondary Targets 1 | . 1 . . . . Max Gunslinging Chain 1 | . 1 . . . . Shots Hit Robots 82 | 8 58 . 6 . 10 Core Hits 42 | 2 33 . 3 . 4 Critical Kills . | . . . . . . Critical Parts Destroyed . | . . . . . . Critical Strikes . | . . . . . . Melee Attacks 5 | . . . . . 5 Impact . | . . . . . . Slashing 5 | . . . . . 5 Piercing . | . . . . . . Sneak Attacks . | . . . . . . Combat Hostiles . | . . . . . . Follow-up Attacks . | . . . . . . Damage Inflicted 1382 | 93 768 3 175 7 336 Guns 851 | 93 758 . . . . Cannons 325 | . . . 175 . 150 Explosions . | . . . . . . Melee 186 | . . . . . 186 Ramming 20 | . 10 3 . 7 . Kinetic 763 | 93 670 . . . . Thermal 413 | . 88 . 175 . 150 Explosive . | . . . . . . Electromagnetic . | . . . . . . Impact . | . . . . . . Slashing 186 | . . . . . 186 Piercing . | . . . . . . Highest Corruption 1 | . 1 1 . . . Average Corruption 1 | . 1 1 . . . Corruption Purged . | . . . . . . Corruption Blocked . | . . . . . . Effects 17 | . 12 5 . . . Message Errors 3 | . 2 1 . . . Matter Fused 5 | . 4 1 . . . Heat Flow Errors 3 | . 2 1 . . . Energy Discharges 2 | . 2 . . . . Data Loss (minor) 2 | . 1 1 . . . Data Loss (major) 2 | . 1 1 . . . Overload Shots . | . . . . . . Overflow Damage . | . . . . . . Projectiles . | . . . . . . Explosions . | . . . . . . Melee . | . . . . . . Knockbacks . | . . . . . . Impact . | . . . . . . Kinetic . | . . . . . . Secondary . | . . . . . . Self-Inflicted Damage . | . . . . . . Shots . | . . . . . . Rammed 4 | . 1 1 . 2 . Targets Rammed 5 | . 1 2 . 2 . Kicked . | . . . . . . Crushed 1 | . . 1 . . . Highest Temperature 396 | . 192 186 138 . 396 Average Temperature 101 | . 58 104 43 . 209 Received Heat Transfer 357 | . 300 6 51 . . Effects 1 | . . . . . 1 Interference 1 | . . . . . 1 Siege Activations . | . . . . . . Martial Activations . | . . . . . . Shielding Activations . | . . . . . . Robots Disrupted . | . . . . . . Combat Hostiles . | . . . . . . Robots Corrupted . | . . . . . . Combat Hostiles . | . . . . . . Parts Fried . | . . . . . . Impact Corruptions . | . . . . . . Robots Melted . | . . . . . . Combat Hostiles . | . . . . . . Parts Melted 1 | . . . 1 . . Heat Transferred 591 | . 110 . 259 . 222 Parts Sabotaged . | . . . . . . Parts Stolen . | . . . . . . Parts Stripped . | . . . . . . Power Chain Reactions . | . . . . . . Alert | -11 -10 -10 -9 -9 -9 ------- Run | Yrd Mat Min Mat Min Exi Maximum Alert Level . | . . . . . . Low Security (%) 100 | 100 100 100 100 100 . Level 1 . | . . . . . . Level 2 . | . . . . . . Level 3 . | . . . . . . Level 4 . | . . . . . . Level 5 . | . . . . . . High Security . | . . . . . . Max Security . | . . . . . . Peak Influence 92 | 5 92 58 39 . . Initial . | . . . . . . Average 10 | 1 27 3 3 . . Influence Increases 601 | 5 357 63 176 . . Destroy 0b10 Robot/C 340 | . 260 40 40 . . Destroy 0b10 Robot/NC 45 | 5 15 5 20 . . Destroy Leader 78 | . 52 10 16 . . Allied During Kill 14 | . . 8 6 . . Successful Hack 16 | . . . 16 . . Disable Machine 60 | . . . 60 . . Destroy Structure 3 | . . . 3 . . Lose Combat Pursuer 45 | . 30 . 15 . . Influence Decreases 601 | 5 357 63 176 . . Time Decay 561 | 5 337 63 156 . . Lost Part 20 | . 20 . . . . Lost Ally 20 | . . . 20 . . Squads Dispatched 6 | . 2 1 3 . . Investigation 1 | . . 1 . . . Extermination . | . . . . . . Reinforcement 5 | . 2 . 3 . . Assault . | . . . . . . Garrison . | . . . . . . Intercept . | . . . . . . Searches Triggered . | . . . . . . Construction Impeded . | . . . . . . Haulers Reinforced . | . . . . . . Active Scanning Responses . | . . . . . . Cargo Convoy Interrupts . | . . . . . . Stealth | -11 -10 -10 -9 -9 -9 --------- Run | Yrd Mat Min Mat Min Exi Distress Signals 4 | . . . 4 . . Communications Jammed . | . . . . . . Distress Signals . | . . . . . . Times Spotted 61 | . 23 2 27 . 9 Peak Tracking Total 11 | . 4 2 7 . 11 Tactical Retreats 4 | . 2 . 1 . 1 Traps | -11 -10 -10 -9 -9 -9 ------- Run | Yrd Mat Min Mat Min Exi Traps Triggered 4 | . 2 2 . . . Indirectly . | . . . . . . Trap Hack Attempts . | . . . . . . Triggered . | . . . . . . Disarmed . | . . . . . . Reprogrammed . | . . . . . . Reused . | . . . . . . Traps Extracted . | . . . . . . Installed . | . . . . . . Triggered . | . . . . . . Machines | -11 -10 -10 -9 -9 -9 ---------- Run | Yrd Mat Min Mat Min Exi Machines Disabled 6 | . . . 4 . 2 Max in Single Turn 1 | . . . 1 . 1 Machines Repaired . | . . . . . . Machines Dismantled . | . . . . . . Machines Sabotaged . | . . . . . . Overloaded Fab Kills . | . . . . . . Hacking | -11 -10 -10 -9 -9 -9 --------- Run | Yrd Mat Min Mat Min Exi Machines Accessed 8 | . 3 2 2 . 1 Terminals 5 | . 3 . 2 . . Fabricators . | . . . . . . Repair Stations . | . . . . . . Recycling Units . | . . . . . . Scanalyzers . | . . . . . . Garrison Access . | . . . . . . Total Hacks 11 | . 6 2 2 . 1 Successful 8 | . 3 2 2 . 1 Failed 3 | . 3 . . . . Catastrophic . | . . . . . . Database Lockouts . | . . . . . . Manual 7 | . 6 . . . 1 Terminals 8 | . 6 . 2 . . Fabricators . | . . . . . . Repair Stations . | . . . . . . Recycling Units . | . . . . . . Scanalyzers . | . . . . . . Garrison Access . | . . . . . . Terminal Hacks 5 | . . 2 2 . 1 Prototype ID Bank 1 | . . . 1 . . Open Door 2 | . . 2 . . . Branch Access Points 1 | . . . 1 . . Proto ID Catalog 1 | . . . . . 1 Fabricator Hacks . | . . . . . . Repair Station Hacks . | . . . . . . Recycling Unit Hacks . | . . . . . . Scanalyzer . | . . . . . . Garrison Access Hacks . | . . . . . . Unauthorized Hacks 3 | . 3 . . . . Terminals 3 | . 3 . . . . Skim 3 | . 3 . . . . Fabricators . | . . . . . . Repair Stations . | . . . . . . Recycling Units . | . . . . . . Scanalyzers . | . . . . . . Garrison Access . | . . . . . . Data Cores Recovered . | . . . . . . Used . | . . . . . . Hacking Detections 1 | . . . 1 . . Full Trace Events . | . . . . . . Feedback Events . | . . . . . . Feedback Blocked . | . . . . . . Robot Schematics Acquired . | . . . . . . Robots Built . | . . . . . . Authchips . | . . . . . . Time . | . . . . . . Total Robot Build Rating . | . . . . . . Part Schematics Acquired . | . . . . . . Parts Built . | . . . . . . Authchips . | . . . . . . Time . | . . . . . . Total Part Build Rating . | . . . . . . Part Studies Acquired . | . . . . . . Parts Repaired . | . . . . . . Time . | . . . . . . Parts Recycled . | . . . . . . Recycled Matter . | . . . . . . Retrieved Matter . | . . . . . . Retrieved Components . | . . . . . . Parts Scanalyzed . | . . . . . . Part Schematics Acquired . | . . . . . . Parts Damaged . | . . . . . . Bothacking | -11 -10 -10 -9 -9 -9 ------------ Run | Yrd Mat Min Mat Min Exi Used RIF Installer . | . . . . . . Robots Hacked . | . . . . . . Non-combat . | . . . . . . Combat . | . . . . . . Robot Hacks Applied . | . . . . . . Relay Couplers Released . | . . . . . . Fabnet Peak Effective % . | . . . . . . Robots Rewired . | . . . . . . Allies Hacked . | . . . . . . Hacks Repelled . | . . . . . . Allies | -11 -10 -10 -9 -9 -9 -------- Run | Yrd Mat Min Mat Min Exi Total Allies 3 | . . 3 . . . Largest Group 3 | . . 3 3 1 1 Highest-Rated Group 40 | . . 40 40 16 16 Highest-Rated Ally 16 | . . 16 16 16 16 Total Orders 3 | . . 2 . . 1 STAY 2 | . . 1 . . 1 FOLLOW 1 | . . 1 . . . Ally Attacks 67 | . . 7 49 11 . Total Damage 626 | . . 75 391 160 . Kills 5 | . . 2 3 . . Allies Corrupted . | . . . . . . Allies Melted . | . . . . . . Intel | -11 -10 -10 -9 -9 -9 ------- Run | Yrd Mat Min Mat Min Exi Active Infowar (turns) . | . . . . . . Robot Analysis Total . | . . . . . . Derelict Logs Recovered 2 | . . 1 . 1 . Drone Launches . | . . . . . . Drone Recoveries . | . . . . . . Exploration | -11 -10 -10 -9 -9 -9 ------------- Run | Yrd Mat Min Mat Min Exi Turns Passed 6190 | 44 1452 862 1446 807 1579 Spaces Moved 2153 | 12 572 350 501 250 468 Core 2 | . . . . . 2 Treads 2151 | 12 572 350 501 250 466 Legs . | . . . . . . Wheels . | . . . . . . Hover . | . . . . . . Flight . | . . . . . . Fastest Speed 160 | 160 160 240 240 320 320 Average Speed 271 | 160 222 240 277 320 327 Slowest Speed 1500 | 160 240 240 320 320 1500 Overloaded Moves . | . . . . . . Propulsion Burnouts . | . . . . . . Robots Hopped . | . . . . . . Potential Cave-ins . | . . . . . . Cave-ins Triggered . | . . . . . . Exploration Rate (%) 48 | 2 69 72 39 44 67 Regions Visited 5 Branch Regions 3 Pre-discovered Areas 1 | . . . . 1 . Known Exits Taken 1 | . . . 1 . . Unknown Exits Taken 4 | 1 1 1 . 1 . Scrap Searched 1 | . . 1 . . . Spaces Dug . | . . . . . . Terrain Destroyed 8 | . . . 4 . 4 Melee . | . . . . . . Projectile 8 | . . . 4 . 4 AOE . | . . . . . . Terrain Rammed . | . . . . . . Walls Destroyed . | . . . . . . Machines Disabled . | . . . . . . Actions | -11 -10 -10 -9 -9 -9 --------- Run | Yrd Mat Min Mat Min Exi Total 2356 | 26 660 373 540 254 503 Wait 40 | . 9 9 7 3 12 Move 2148 | 11 571 349 500 249 468 Hop . | . . . . . . Pick Up 42 | 1 17 8 10 . 6 Fast Attach 2 | . 1 . 1 . . Attach 7 | . 4 . 3 . . Detach 1 | . 1 . . . . Swap 11 | 3 1 2 4 . 1 Drop 22 | 5 3 3 6 . 5 Fire 73 | 6 52 . 9 . 6 Melee 5 | . . . . . 5 Ram . | . . . . . . Kick . | . . . . . . Crush 5 | . 1 2 . 2 . Escape Stasis . | . . . . . . Rewire . | . . . . . . Trap . | . . . . . . Miscellaneous . | . . . . . . Route ------- -11/Scrapyard -10/Materials (discovered 3 exits: *Mat x2 / *Min) -10/Mines -9/Materials (discovered 2 exits: [*Mat] / *Min) -9/Mines (discovered 2 exits: [*Mat] / *Exi) -9/Exiles History --------- Turn | Location | Event 26 | -11/Scrapyard | Discovered new exit (range 3) 45 | -11/Scrapyard | Entered Materials 308 | -10/Materials | Build established: Mutant 637 | -10/Materials | Discovered new exit (range 16) 1331 | -10/Materials | Discovered new exit (range 8) 1360 | -10/Materials | Discovered new exit (range 15) 1497 | -10/Materials | Entered Mines 1510 | -10/Mines | Met a Derelict shopkeep closing up shop 1583 | -10/Mines | Assisted by bots powering up and referring to "LRC-V3" 1715 | -10/Mines | Learned Materials terminal intel 1816 | -10/Mines | Discovered new exit (range 9) 2039 | -10/Mines | Met a Derelict who couldn't figure out how to use a Trap Extractor 2359 | -10/Mines | Entered Materials 2359 | -9/Materials | Accompanied by 3 allies 2359 | -9/Materials | Evolved 2 slots: Utility x2 2360 | -9/Materials | Loaded intel: 12 terminal locations 2373 | -9/Materials | Identified exit to Mines 2553 | -9/Materials | Met 8R-AWN 3180 | -9/Materials | Discovered new exit (range 14) 3805 | -9/Materials | Entered Mines 3805 | -9/Mines | Accompanied by 1 ally 3806 | -9/Mines | Assembled infested the area 3809 | -9/Mines | Followed 8R-AWN into the Mines 3811 | -9/Mines | Assisted by a Guerilla fighting off Assembled 3908 | -9/Mines | Discovered new exit (range 16) 4056 | -9/Mines | Learned location of Storage (-7) 4599 | -9/Mines | Discovered new exit (range 5) 4612 | -9/Mines | Entered Exiles 4612 | -9/Exiles | Accompanied by 1 ally 4689 | -9/Exiles | Welcomed by 8R-AWN 4737 | -9/Exiles | Met EX-HEX 4833 | -9/Exiles | Met EX-BIN 4872 | -9/Exiles | Aligned with FarCom system 4875 | -9/Exiles | Given EX-Vault access code 4948 | -9/Exiles | Opened EX-Vault 4968 | -9/Exiles | Found Longsword +1 5001 | -9/Exiles | Found Field Lobotomy Kit 5014 | -9/Exiles | Found Superbattery 5079 | -9/Exiles | Warned to stay clear of 0b10 Research branches 5265 | -9/Exiles | Learned about 8R-AWN's background 5611 | -9/Exiles | Met EX-DEC 6048 | -9/Exiles | Attacked by the Exiles 6163 | -9/Exiles | Core integrity fell below 50% 6179 | -9/Exiles | Core integrity fell below 20% 6191 | -9/Exiles | Destroyed by 8R-AWN with 8R-AWN's Boregun Last Messages --------------- 06162_ Penetrated by HV Slug. 06162_ HV Slug penetrates Earth. 06162_ Penetrated by HV Slug. 06162_ Imp. Targeting Computer destroyed. 06162_ HV Slug penetrates Earth. 06164_ Penetrated by HV Slug. 06164_ HV Slug penetrates Earth. 06164_ Penetrated by HV Slug. 06169_ Critical hit (Destroy). 06169_ Hvy. Particle Cannon destroyed. 06169_ Penetrated by HV Slug. 06171_ HV Slug penetrates Wall. 06171_ Penetrated by HV Slug. 06173_ HV Slug penetrates Wall. 06173_ Penetrated by HV Slug. 06175_ HV Slug penetrates Machine. 06175_ Machine disabled. 06178_ Penetrated by HV Slug. 06181_ HV Slug penetrates Machine. 06183_ Penetrated by HV Slug. Map ----- +----------------------------------------------------+ | ?????????????????????????????????????????????????? | | ?????????????????????????????????????????????????? | | ?????????????????????????????????????????????????? | | ?????????????????????????????????????????????????? | | ?????????????????????????????????????????????????? | | ?????????????????????????????????????????????????? | | ?????????????????????????????????????????????????? | | ?????????????????????????????????????????????????? | | ?????????????????????????????????????????????????? | | ?????????????????????????????????????????????????? | | ?????????????????????????????????????????????????? | | ?????????????????????????????????????????????????? | | ?????????????????????????????????????????????????? | | ?????????????????????????????????????????????????? | | ?????????????????????????????????????????????????? | | ?????????????????????????????????????????????????? | | ?????????????????????????????????????????????????? | | ????????????? ??????????????#######??????????????? | | ???????????? ######???????#!!! "#??????????????? | | ???????????? #""#??????# "#??????????????? | | ???????????? ??????# "#??????????????? | | ????????????" #????## ""#??????????????? | | ????????????" #####" ""#????????????? ? | | ?????????????# g##" ""#????????????" " | | ??????????????# #"" #??????????????" | | ?????????????????# @ #?????????????"" | | ?????????????????#### ##????????????"" | | ????????????????????### ##??????????? | | ??????????????########" ;###??????????" | | ??????????????# !!""" " % %% ;; #????????# | | ??????????????#! ###" % ######???### | | ??????????????#! #?##" ""#####X# | | ??????????????#! ;#??#" | | ??????????????# !""" " ##;#??#"; % | | ??????????????########### #??#### | | ????????????????????????# #?????##; % | | ????????????????????????? ????????##; | | ????????????????????????? ??????????## | | ????????????????????????? ???????????#" | | ????????????????????????? ????????????##" | | ????????????????????????? ?????????????#""" | | ????????????????????????? ????????????##" | | ??????????????????????????????????????#"" | | ??????????????????????????????????????#""" | | ?????????????????????????????????????#""" | | ?????????????????????????????????????#""" | | ?????????????????????????????????????#"" | | ?????????????????????????????????????#""" | | ?????????????????????????????????????#"" | | ?????????????????????????????????????##"" | +----------------------------------------------------+ Best States ------------- Heat Dissipation 42 Energy Generation 14 Energy Capacity 280 Matter Stores 300 Matter Capacity 300 Sight Range 16 Terrain Scan Density 10 Armor Coverage 375 Evasion (%) 40 Targeting Accuracy 6 Recoil Reduction 2 Item Schematics ----------------- None Robot Schematics ------------------ None Fabricated ------------ Nothing Repaired ---------- Nothing Studied --------- None Alien Tech Used ----------------- None Achievements -------------- None Challenges ------------ None Game ------ Seed HellfireTrapVibroblade Manual? 0 Play Time 00:20:36 Cumulative 63.7 hours Start 2026.07.23 @ 23:54:41 End 2026.07.24 @ 00:29:16 Sessions 1 Manual Loads 0 Difficulty Rogue Special Mode None Game No. 270 Rogue 225 Adventurer 45 Explorer 0 Win Type - Total 2 Types 2/0/0/0/0/0/0/0/0/0 Lore% 66 Gallery% 46 Achievement% 43 Wizard Run 0 Options --------- Layout 1 ASCII 0 Keyboard 0 Movement Numpad Keybinds 0 Fullscreen 1 Font 24/Smallcaps Map View 50x35 Zoom Use 0% Tactical HUD 1 Map Filters NONE Filters NONE Steam 1 RUN: 0ea5b1ad-7ce5-4504-91e4-c6e494007abc